 Dungeon Crawl Stone Soup version 0.17.1-3-g152610e (webtiles) character file.

129 Heskey the Sneak (level 4, 0/23 HPs)
             Began as a Spriggan Assassin on Mar 24, 2016.
             Slain by a bat (1 damage)
             ... on level 3 of the Dungeon.
             The game lasted 00:03:39 (2872 turns).

Heskey the Sneak (Spriggan Assassin)                Turns: 2872, Time: 00:03:39

Health: 0/23       AC:  3    Str:  7      XL:     4   Next: 88%
Magic:  5/5        EV: 20    Int: 10 (12) God:
Gold:   71         SH:  0    Dex: 18      Spells: 0 memorised, 3 levels left

rFire  . . .     SeeInvis +     a - +2 dagger
rCold  . . .     Clarity  .     c - +0 robe
rNeg   . . .     SustAt   .     (shield restricted)
rPois  .         Gourm    .     (helmet restricted)
rElec  .         Spirit   .     d - +0 cloak
rCorr  .         Warding  .     (gloves unavailable)
rMut   .         Stasis   .     (boots unavailable)
MR     .....                    (no amulet)
Stlth  ++++......               (no ring)
                                (no ring)

@: very quick, not resistant to hostile enchantments, stealthy
A: unfitting armour, see invisible, herbivore 3, speed 3, slow metabolism 2
a: no special abilities


You were on level 3 of the Dungeon.
You were not hungry.

You visited 1 branch of the dungeon, and saw 3 of its levels.

You collected 71 gold pieces.

Inventory:

Hand Weapons
 a - a +2 dagger (weapon)
 b - a +0 blowgun
Missiles
 e - 23 poisoned needles
 f - 2 curare-tipped needles
Armour
 c - a +0 robe (worn)
 d - a +0 cloak (worn)
Jewellery
 i - an uncursed ring of sustain attributes {unknown}
Wands
 m - a wand of magic darts (48)
Scrolls
 n - a scroll of recharging
Potions
 h - a potion of flight
Comestibles
 g - a bread ration
 k - a royal jelly
 l - 4 fruits


   Skills:
 + Level 2.0 Fighting
 * Level 3.4 Short Blades
 + Level 2.6 Throwing
 * Level 4.1 Dodging
 + Level 6.4 Stealth


You had 3 spell levels left.
You didn't know any spells.

Dungeon Overview and Level Annotations

Branches:
Dungeon (3/15)

Altars:
Fedhas
Qazlal


Innate Abilities, Weirdness & Mutations

You are tiny and cannot use many weapons and most armour.
You have supernaturally acute eyesight.
You are a herbivore.
You cover ground extremely quickly.
You need consume almost no food.


Message History

You barely miss the giant gecko.
The giant gecko is heavily wounded.
The giant gecko bites you.
* * * LOW HITPOINT WARNING * * *
Found 15 stones.
There is an open door here.
Things that are here:
a club; an orc corpse The orc completely misses you.
The orc hits you with a short sword.
* * * LOW HITPOINT WARNING * * *
The bat hits you but does no damage. The bat closely misses you.
The bat misses you.
The giant gecko hisses menacingly.
The bat completely misses you. The bat completely misses you.
The bat misses you. The bat hits you.
You die...

#.#### #.#.. #.#.#
################ ###.#.#
#........##..... #...[.#
#.######.##..... #.#<).# #.#
#.##..... #.#########.# #.##.....
########K.....(....######.##.)...
........o.......@b..l..o..o.)..>.
.....K.....)..............#......
.########.?..#######.###.....o...
#....# #..##....###)# .......#
....+..?.(...# ...###'##
###.##....##### #... ... ..#...(#
#.. .#.## #.#....# #.. .#..
#....#


You could see an orc, a giant gecko and a bat.

Vanquished Creatures
  An orc priest (D:3)
  4 adders (D:2)
  An ooze (D:1)
  4 worms
  3 giant geckos
  3 orcs (D:3)
  A ball python (D:2)
  3 giant cockroaches
  7 goblins
  7 hobgoblins
  2 kobolds (D:2)
  3 bats (D:1)
  4 giant newts
  A quokka (D:3)
  6 rats
50 creatures vanquished.

Notes
Turn   | Place    | Note
--------------------------------------------------------------
     0 | D:1      | Heskey the Spriggan Assassin began the quest for the Orb.
     0 | D:1      | Reached XP level 1. HP: 10/10 MP: 2/2
    59 | D:1      | Reached XP level 2. HP: 11/14 MP: 3/3
   101 | D:1      | Reached skill level 6 in Stealth
   648 | D:2      | Found a stormy altar of Qazlal.
   648 | D:2      | Found a blossoming altar of Fedhas.
   676 | D:2      | Reached XP level 3. HP: 10/18 MP: 4/4
  1698 | D:2      | Reached XP level 4. HP: 10/23 MP: 5/5
  2431 | D:3      | HP: 1/23 [orc priest/divine providence (15)]
  2859 | D:3      | HP: 1/23 [orc/short sword (3)]
  2872 | D:3      | Slain by a bat

Action                   |  1- 3 |  4- 6 || total
-------------------------+-------+-------++-------
Melee: Dagger            |   130 |   101 ||   231
 Fire: Blowgun           |       |     3 ||     3
  Use: Potion            |       |     3 ||     3
       Scroll            |       |     1 ||     1
 Stab: Sleeping          |    10 |     3 ||    13
       Distracted        |     1 |       ||     1
